cohdb
Replays
Latest Replays
All Replays
Popular Replays
Top Player Replays
Match Explorer
How It Works
Community
CoH3 Stats
Reddit
Sign in to upload your games and track your stats! →
Sign in with Steam
Match 45540640
Unlisted
Match 45540640
Overview
Messages
Build Orders
End
Construct Section Command Post
Selects Indian Artillery Battlegroup
Vickers Machine Gun Team
Infantry Section
Infantry Section
Infantry Section
Construct Platoon Command Post
6-pounder Anti-tank Gun Team
Selects Valour
Unlock Bishop Self-propelled Artillery
Construct Field Infirmary
Bishop Self-propelled Artillery
Selects Towed ML 4.2-inch Heavy Mortar
Selects Gurkha Rifles Section
Gurkha Rifles Section
Forward Retreat Point
CMP 15cwt Truck
Construct Company Command Post
Daghito
demenza058
Stratego
Heroin Schorsch
untergrund weltstar
Guerrilla161
0
0
Comments
sign in to comment!
No comments posted yet!